 Dungeon Crawl Stone Soup version 0.21-a0-361-g4efd3f9 (webtiles) character file.

3881 tidbits the Martial Artist (level 10, 40/76 HPs)
             Began as a Gnoll Transmuter on Oct 12, 2017.
             Quit the game on level 9 of the Dungeon on Oct 13, 2017.
             The game lasted 00:39:02 (3128 turns).

tidbits the Martial Artist (Gnoll Transmuter)       Turns: 3128, Time: 00:39:03

Health: 40/76      AC:  4    Str: 13    XL:     10   Next: 19%
Magic:  10/20      EV: 17    Int: 20    God:
Gold:   135        SH:  0    Dex: 16    Spells: 7/23 levels left

rFire    . . .     SeeInvis .     - Unarmed
rCold    + . .     Gourm    .   (shield currently unavailable)
rNeg     . . .     Faith    .   b - +0 robe
rPois    .         Spirit   .   E - +0 helmet
rElec    .         Reflect  .   C - +0 cloak
rCorr    .         Harm     +   (gloves currently unavailable)
MR       ++...                  (no boots)
Stlth    +++.......             T - amulet of harm
HPRegen  0.22/turn              v - ring of protection from magic
MPRegen  0.17/turn              W - ring of wizardry

@: blade hands (expiring)
A: distributed training, fangs 1, clever 1, cold resistance 1, magic resistance
1, sense surroundings 1, strong nose
a: End Transformation


You were on level 9 of the Dungeon.
You were not hungry.
You had blades for hands.
You visited 2 branches of the dungeon, and saw 10 of its levels.
You also visited: Sewer and Ossuary.

You collected 135 gold pieces.

Inventory:

Hand Weapons
 k - a +0 hand crossbow
 o - a cursed +0 hunting sling
 s - a +0 great sword of protection
   (You found it on level 2 of the Dungeon)
 w - a +0 scythe
 y - a +0 rapier
 K - a cursed -2 quarterstaff
 O - a +2 war axe of holy wrath
   (You took it off an orc priest on level 5 of the Dungeon)
 Q - a +4 quarterstaff of chaos
   (You took it off Crazy Yiuf on level 7 of the Dungeon)
Missiles
 a - 25 bolts
 h - 219 stones (quivered)
 V - 78 arrows
Armour
 b - a +0 robe (worn)
 u - a +0 ring mail
 C - a +0 cloak (worn)
 E - a +0 helmet (worn)
 G - a +0 pair of gloves (melded)
 M - a +3 leather armour of magic resistance
   (You took it off Duvessa on level 7 of the Dungeon)
 S - the +1 leather armour of Ennui {rPois rC+++ rCorr Slay-4}
   (You found it on level 6 of the Dungeon)

   It affects your accuracy and damage with ranged weapons and melee attacks
   (-4).
   It renders you almost immune to cold.
   It protects you from poison.
   It protects you from acid and corrosion.
Jewellery
 v - a ring of protection from magic (left scythe-like blade)
   (You found it on level 3 of the Dungeon)
 T - an amulet of harm (around neck)
   (You found it on level 6 of the Dungeon)
 W - a ring of wizardry (right scythe-like blade)
   (You found it on level 6 of the Dungeon)
Wands
 f - a wand of confusion (29/48)
 i - a wand of digging (2/24)
 N - a wand of random effects (32/48)
 U - a wand of random effects (22/48)
 Y - a wand of polymorph (16/24)
Scrolls
 e - a scroll of noise {unknown}
 g - 6 scrolls of teleportation
 l - a scroll of blinking {unknown}
 p - a scroll of amnesia
 r - 4 scrolls of remove curse
 A - a scroll of enchant weapon {unknown}
 J - 2 scrolls of recharging {unknown}
 L - a scroll of enchant armour {unknown}
Potions
 m - a potion of agility {unknown}
 n - 4 potions of brilliance
 q - 5 potions of curing
 t - 2 potions of resistance {unknown}
 x - a potion of mutation {!q}
 B - 6 potions of heal wounds {unknown}
 D - 2 potions of lignification {unknown}
 F - 2 potions of flight
 H - 2 potions of magic {unknown}
 I - 2 potions of haste {unknown}
 R - 3 potions of might
 X - a potion of ambrosia {unknown}
Books
 c - a book of Changes

   Spells                             Type                      Level
   a - Beastly Appendage              Transmutation                1
   b - Sticks to Snakes               Transmutation                2
   c - Spider Form                    Transmutation/Poison         3
   d - Ice Form                       Ice/Transmutation            4
   e - Blade Hands                    Transmutation                5
 j - a book of Minor Magic
   (You found it on level 4 of the Dungeon)

   Spells                             Type                      Level
   a - Magic Dart                     Conjuration                  1
   b - Blink                          Translocation                2
   c - Call Imp                       Summoning                    2
   d - Slow                           Hexes                        2
   e - Conjure Flame                  Conjuration/Fire             3
   f - Mephitic Cloud                 Conjuration/Poison/Air       3
Comestibles
 d - 3 bread rations
 z - 3 meat rations
 P - 2 royal jellies
 Z - a chunk of flesh


   Skills:
 + Level 5.6 Fighting
 + Level 4.9 Short Blades
 + Level 4.9 Long Blades
 + Level 4.9 Axes
 + Level 4.9 Maces & Flails
 + Level 4.9 Polearms
 + Level 4.9 Staves
 + Level 4.9 Slings
 + Level 4.9 Bows
 + Level 4.9 Crossbows
 + Level 4.9 Throwing
 + Level 4.9 Armour
 + Level 6.8 Dodging
 + Level 4.9 Stealth
 + Level 4.9 Shields
 + Level 8.3 Unarmed Combat
 + Level 7.1 Spellcasting
 + Level 4.1 Conjurations
 + Level 4.1 Hexes
 + Level 4.1 Charms
 + Level 4.1 Summonings
 + Level 4.1 Necromancy
 + Level 4.1 Translocations
 + Level 5.6 Transmutations
 + Level 4.1 Fire Magic
 + Level 4.1 Ice Magic
 + Level 4.1 Air Magic
 + Level 4.1 Earth Magic
 + Level 4.1 Poison Magic
 + Level 5.4 Invocations
 + Level 4.9 Evocations


You had 7 spell levels left.
You knew the following spells:

 Your Spells              Type           Power        Failure   Level  Hunger
b - Blink                 Tloc           N/A          10%         2    None
e - Beastly Appendage     Tmut           ####..       6%          1    None
h - Blade Hands           Tmut           ####......   36%         5    #####..
k - Sticks to Snakes      Tmut           ####....     7%          2    None
m - Mephitic Cloud        Conj/Pois/Air  ###.....     13%         3    #......
p - Spider Form           Tmut/Pois      ####......   12%         3    #......


Dungeon Overview and Level Annotations

Branches:
Dungeon (9/15)             Temple (1/1) D:6
   Lair: D:8-11         Orc: D:9-12

Altars:
Ashenzari
Dithmenos
Elyvilon
Fedhas
Hepliaklqana
Nemelex Xobeh
Okawaru
Qazlal
Ru
Trog
Uskayaw
Wu Jian
Xom
The Shining One

Shops:
D:7 :


Innate Abilities, Weirdness & Mutations

Your experience applies equally to all skills.
You have very sharp teeth.
Your uncanny sense of smell can sniff out nearby items.
Your mind is acute. (Int +2)
Your flesh is cold resistant. (rC+)
You are resistant to hostile enchantments. (MR+)
You passively map a small area around you.


Message History

Your adder withers and dies!
There is a stone staircase leading up here.
Your ball python withers and dies!
Found 4 fruits.
You see here 4 fruits.
You can't carry that many items.
There is a stone staircase leading down here.
You open the door.
Found Qihupiu's Book Emporium.
There is an open door here.
There is an entrance to Qihupiu's Book Emporium here.
You can access your shopping list by pressing '$'.
There is an open door here.
There is a stone staircase leading down here.
You climb downwards.
Found a potion of flight and 3 scrolls labeled TIOWKU ZOEGOONG.
Found a stone staircase leading down.
There is a stone staircase leading up here.
A two-headed ogre comes into view.
It is wielding a giant club and a giant spiked club.
A quasit comes into view.
A jelly comes into view.
There is a stone staircase leading down here.
The jelly quivers.
You climb downwards.
Found a meat ration and a papyrus book.
Found an escape hatch in the floor.
There is a stone staircase leading up here.
Found a stone staircase leading down.
You see here a meat ration.
z - 3 meat rations (gained 1)
A two-headed ogre comes into view. It is wielding two giant clubs.
The two-headed ogre shouts in stereo!
You hear a shout!
There is an escape hatch in the floor here.
Casting: Sticks to Snakes
Confirm with . or Enter, or press ? or * to list all spells.
Your hands turn into razor-sharp scythe blades.
Your +0 pair of gloves melds into your body.
Your transformation is almost over.
Casting: Blade Hands
Confirm with . or Enter, or press ? or * to list all spells.
You create 2 snakes!
You now have 78 arrows.
You slash the two-headed ogre! x2
You bite the two-headed ogre, but do no damage.
The two-headed ogre is severely wounded.
Your ball python bites the two-headed ogre but does no damage.
You shred the two-headed ogre!!!
You kill the two-headed ogre!
Your Spellcasting skill increases to level 7!
Your Conjurations skill increases to level 4!
Your Hexes skill increases to level 4!
Your Charms skill increases to level 4!
Your Summonings skill increases to level 4!
Your Necromancy skill increases to level 4!
Your Translocations skill increases to level 4!
Your Fire Magic skill increases to level 4!
Your Ice Magic skill increases to level 4!
Your Air Magic skill increases to level 4!
Your Earth Magic skill increases to level 4!
Your Poison Magic skill increases to level 4!
You have reached level 10!
You swap places.
An ogre comes into view. It is wielding a giant club.
You see here a book of Power.
Things that are here:
a giant club x2
A centaur skeleton comes into view.
You slash the ogre!
The ogre is severely wounded.
The ogre hits you with a giant club!
* * * LOW HITPOINT WARNING * * *
You slice the ogre!!
You kill the ogre!
Found a paperback book.
You hit the centaur skeleton.
The centaur skeleton is lightly damaged.
Your hands revert to their normal proportions.
Your +0 pair of gloves unmelds from your body.
The centaur skeleton misses you.
Your ball python bites the centaur skeleton.
You punch the centaur skeleton!
The centaur skeleton is severely damaged.
The centaur skeleton barely misses you.
Your ball python bites the centaur skeleton.
The centaur skeleton barely misses you.
A worker ant comes into view.
You punch the centaur skeleton!
You destroy the centaur skeleton!
Casting: Sticks to Snakes
Confirm with . or Enter, or press ? or * to list all spells.
Your hands turn into razor-sharp scythe blades.
Your +0 pair of gloves melds into your body.
You hit the worker ant.
You bite the worker ant, but do no damage.
The worker ant is moderately wounded.
The worker ant misses you.
You slice the worker ant!!
You kill the worker ant!
An electric eel comes into view.
The electric eel moves out of view.
Your transformation is almost over.
You see here a book of Flames.
Are you sure you want to abandon this character and quit the game? (Confirm with "yes".)

, , , , , , ,
, , , ,, , ,
.... ≈ ,....P
,....≈ ≈≈
########....≈
≈
#..@.......≈≈
#..SS....PP≈≈
#........## ≈
#........# ≈
,
#........#*≈
* #......###≈
#......# ,
#....).#* **
#......######


You could see a friendly adder and a friendly ball python.

Vanquished Creatures
  A two-headed ogre (D:9)
  The ghost of nikopol the Cleaver, a novice HOFi of Okawaru (D:7)
  Grinder (D:3)
  Sigmund (D:4)
  Duvessa (D:7)
  An orc warrior (D:6)
  An ice beast (D:7)
  A phantom (D:7)
  6 ogres
  2 centaurs
  2 bullfrogs (Sewer)
  A howler monkey (D:7)
  2 crimson imps
  A centaur skeleton (D:9)
  A jelly (D:6)
  Crazy Yiuf (D:7)
  5 hounds
  3 orc priests (D:5)
  4 orc wizards
  Natasha (D:3)
  4 worker ants
  11 mummies
  A worker ant zombie (D:7)
  7 gnolls
  12 adders
  A shadow imp (D:7)
  10 oozes
  3 adder skeletons
  An adder zombie (D:5)
  2 worms
  A dart slug (D:2)
  13 leopard geckos
  11 orcs
  12 giant cockroaches
  6 goblins
  5 hobgoblins
  12 jackals
  3 quokkas
  15 ball pythons
  2 bats
  9 frilled lizards
  2 gnoll skeletons (Ossuary)
  A goblin skeleton (Ossuary)
  4 kobolds
  3 kobold skeletons (Ossuary)
  2 orc skeletons (Ossuary)
  5 rats
  11 rat skeletons (Ossuary)
206 creatures vanquished.

Vanquished Creatures (collateral kills)
  Dowan (D:7)
  2 mummies (Ossuary)
  An ooze (Sewer)
  A leopard gecko (Sewer)
  A giant cockroach (Sewer)
  A hobgoblin (D:3)
7 creatures vanquished.

Grand Total: 213 creatures vanquished

Notes
Turn   | Place    | Note
-------+----------+-------------------------------------------
     0 | D:1      | tidbits the Gnoll Transmuter began the quest for the Orb.
     0 | D:1      | Reached XP level 1. HP: 17/17 MP: 6/6
   167 | D:1      | Reached XP level 2. HP: 16/23 MP: 7/7
   172 | D:1      | Learned a level 2 spell: Sticks to Snakes
   341 | D:2      | Found a glowing golden altar of the Shining One.
   376 | D:2      | Reached XP level 3. HP: 24/28 MP: 7/9
   381 | D:2      | Learned a level 3 spell: Spider Form
   412 | D:3      | Reached skill level 5 in Spellcasting
   473 | D:3      | Noticed Grinder
   476 | D:3      | Gained mutation: You are resistant to hostile enchantments. (MR+) [potion of mutation]
   476 | D:3      | Gained mutation: You passively map a small area around you. [potion of mutation]
   476 | D:3      | Gained mutation: Your mind is acute. (Int +2) [potion of mutation]
   476 | D:3      | Gained mutation: Your flesh is cold resistant. (rC+) [potion of mutation]
   491 | D:3      | Killed Grinder
   491 | D:3      | Reached skill level 3 in Fighting
   491 | D:3      | Reached skill level 1 in Short Blades
   491 | D:3      | Reached skill level 1 in Long Blades
   491 | D:3      | Reached skill level 1 in Axes
   491 | D:3      | Reached skill level 1 in Maces & Flails
   491 | D:3      | Reached skill level 1 in Polearms
   491 | D:3      | Reached skill level 1 in Staves
   491 | D:3      | Reached skill level 1 in Slings
   491 | D:3      | Reached skill level 1 in Bows
   491 | D:3      | Reached skill level 1 in Crossbows
   491 | D:3      | Reached skill level 1 in Throwing
   491 | D:3      | Reached skill level 1 in Armour
   491 | D:3      | Reached skill level 1 in Stealth
   491 | D:3      | Reached skill level 1 in Shields
   491 | D:3      | Reached skill level 1 in Conjurations
   491 | D:3      | Reached skill level 1 in Hexes
   491 | D:3      | Reached skill level 1 in Charms
   491 | D:3      | Reached skill level 1 in Summonings
   491 | D:3      | Reached skill level 1 in Necromancy
   491 | D:3      | Reached skill level 1 in Translocations
   491 | D:3      | Reached skill level 1 in Fire Magic
   491 | D:3      | Reached skill level 1 in Ice Magic
   491 | D:3      | Reached skill level 1 in Air Magic
   491 | D:3      | Reached skill level 1 in Earth Magic
   491 | D:3      | Reached skill level 1 in Poison Magic
   491 | D:3      | Reached skill level 1 in Invocations
   491 | D:3      | Reached skill level 1 in Evocations
   491 | D:3      | Reached XP level 4. HP: 22/35 MP: 2/11
   491 | D:3      | Reached XP level 5. HP: 26/41 MP: 2/12
   550 | D:3      | Found a shadowy altar of Dithmenos.
   597 | D:3      | Reached XP level 6. HP: 43/47 MP: 7/13
   693 | D:2      | Found a faded altar of an unknown god.
   769 | D:4      | Noticed Sigmund
   785 | D:4      | Killed Sigmund
   785 | D:4      | Reached skill level 2 in Short Blades
   785 | D:4      | Reached skill level 2 in Long Blades
   785 | D:4      | Reached skill level 2 in Axes
   785 | D:4      | Reached skill level 2 in Maces & Flails
   785 | D:4      | Reached skill level 2 in Polearms
   785 | D:4      | Reached skill level 2 in Staves
   785 | D:4      | Reached skill level 2 in Slings
   785 | D:4      | Reached skill level 2 in Bows
   785 | D:4      | Reached skill level 2 in Crossbows
   785 | D:4      | Reached skill level 2 in Throwing
   785 | D:4      | Reached skill level 2 in Armour
   785 | D:4      | Reached skill level 5 in Dodging
   785 | D:4      | Reached skill level 2 in Stealth
   785 | D:4      | Reached skill level 2 in Shields
   785 | D:4      | Reached skill level 2 in Conjurations
   785 | D:4      | Reached skill level 2 in Hexes
   785 | D:4      | Reached skill level 2 in Charms
   785 | D:4      | Reached skill level 2 in Summonings
   785 | D:4      | Reached skill level 2 in Necromancy
   785 | D:4      | Reached skill level 2 in Translocations
   785 | D:4      | Reached skill level 5 in Transmutations
   785 | D:4      | Reached skill level 2 in Fire Magic
   785 | D:4      | Reached skill level 2 in Ice Magic
   785 | D:4      | Reached skill level 2 in Air Magic
   785 | D:4      | Reached skill level 2 in Earth Magic
   785 | D:4      | Reached skill level 2 in Poison Magic
   785 | D:4      | Reached skill level 2 in Invocations
   785 | D:4      | Reached skill level 2 in Evocations
   810 | D:5      | Entered Level 5 of the Dungeon
   854 | D:4      | Found a sand-covered staircase.
   873 | Ossuary  | Entered an ossuary
   886 | Ossuary  | Reached XP level 7. HP: 30/52 MP: 15/15
  1072 | Ossuary  | Reached skill level 7 in Unarmed Combat
  1280 | D:5      | Found a glowing drain.
  1289 | Sewer    | Entered a sewer
  1539 | Sewer    | Reached XP level 8. HP: 40/60 MP: 9/16
  1586 | D:5      | Reached skill level 4 in Fighting
  1586 | D:5      | Reached skill level 3 in Short Blades
  1586 | D:5      | Reached skill level 3 in Long Blades
  1586 | D:5      | Reached skill level 3 in Axes
  1586 | D:5      | Reached skill level 3 in Maces & Flails
  1586 | D:5      | Reached skill level 3 in Polearms
  1586 | D:5      | Reached skill level 3 in Staves
  1586 | D:5      | Reached skill level 3 in Slings
  1586 | D:5      | Reached skill level 3 in Bows
  1586 | D:5      | Reached skill level 3 in Crossbows
  1586 | D:5      | Reached skill level 3 in Throwing
  1586 | D:5      | Reached skill level 3 in Armour
  1586 | D:5      | Reached skill level 3 in Stealth
  1586 | D:5      | Reached skill level 3 in Shields
  1586 | D:5      | Reached skill level 3 in Conjurations
  1586 | D:5      | Reached skill level 3 in Hexes
  1586 | D:5      | Reached skill level 3 in Charms
  1586 | D:5      | Reached skill level 3 in Summonings
  1586 | D:5      | Reached skill level 3 in Necromancy
  1586 | D:5      | Reached skill level 3 in Translocations
  1586 | D:5      | Reached skill level 3 in Fire Magic
  1586 | D:5      | Reached skill level 3 in Ice Magic
  1586 | D:5      | Reached skill level 3 in Air Magic
  1586 | D:5      | Reached skill level 3 in Earth Magic
  1586 | D:5      | Reached skill level 3 in Poison Magic
  1586 | D:5      | Reached skill level 3 in Invocations
  1586 | D:5      | Reached skill level 3 in Evocations
  1604 | D:5      | Reduced skill Conjurations to level 2
  1604 | D:5      | Reduced skill Hexes to level 2
  1604 | D:5      | Reduced skill Charms to level 2
  1604 | D:5      | Reduced skill Summonings to level 2
  1604 | D:5      | Reduced skill Necromancy to level 2
  1604 | D:5      | Reduced skill Translocations to level 2
  1604 | D:5      | Reduced skill Transmutations to level 4
  1604 | D:5      | Reduced skill Fire Magic to level 2
  1604 | D:5      | Reduced skill Ice Magic to level 2
  1604 | D:5      | Reduced skill Air Magic to level 2
  1604 | D:5      | Reduced skill Earth Magic to level 2
  1604 | D:5      | Reduced skill Poison Magic to level 2
  1604 | D:5      | Upgraded the game from 0.21-a0-356-g45b0a09 to 0.21-a0-361-g4efd3f9
  1828 | D:4      | Reached skill level 6 in Spellcasting
  1928 | D:4      | Learned a level 2 spell: Blink
  1932 | D:4      | Learned a level 3 spell: Mephitic Cloud
  1947 | D:4      | Found a shimmering altar of Xom.
  2028 | D:3      | Found a hazy altar of Hepliaklqana.
  2028 | D:3      | Noticed Natasha
  2033 | D:3      | Killed Natasha
  2343 | D:6      | Reached skill level 4 in Invocations
  2381 | D:6      | Learned a level 5 spell: Blade Hands
  2406 | D:6      | Reached skill level 3 in Conjurations
  2406 | D:6      | Reached skill level 3 in Hexes
  2406 | D:6      | Reached skill level 3 in Charms
  2406 | D:6      | Reached skill level 3 in Summonings
  2406 | D:6      | Reached skill level 3 in Necromancy
  2406 | D:6      | Reached skill level 3 in Translocations
  2406 | D:6      | Reached skill level 3 in Fire Magic
  2406 | D:6      | Reached skill level 3 in Ice Magic
  2406 | D:6      | Reached skill level 3 in Air Magic
  2406 | D:6      | Reached skill level 3 in Earth Magic
  2406 | D:6      | Reached skill level 3 in Poison Magic
  2453 | D:6      | Got a translucent leather armour
  2464 | D:6      | Identified the cursed +1 leather armour of Ennui {rPois rC+++ rCorr Slay-4} (You found it on level 6 of the Dungeon)
  2528 | D:6      | Reached XP level 9. HP: 53/66 MP: 11/18
  2536 | D:6      | Reached skill level 6 in Dodging
  2536 | D:6      | Reached skill level 5 in Transmutations
  2564 | D:7      | Found a white marble altar of Elyvilon.
  2660 | D:6      | Reached skill level 4 in Short Blades
  2660 | D:6      | Reached skill level 4 in Long Blades
  2660 | D:6      | Reached skill level 4 in Axes
  2660 | D:6      | Reached skill level 4 in Maces & Flails
  2660 | D:6      | Reached skill level 4 in Polearms
  2660 | D:6      | Reached skill level 4 in Staves
  2660 | D:6      | Reached skill level 4 in Slings
  2660 | D:6      | Reached skill level 4 in Bows
  2660 | D:6      | Reached skill level 4 in Crossbows
  2660 | D:6      | Reached skill level 4 in Throwing
  2660 | D:6      | Reached skill level 4 in Armour
  2660 | D:6      | Reached skill level 4 in Stealth
  2660 | D:6      | Reached skill level 4 in Shields
  2660 | D:6      | Reached skill level 4 in Evocations
  2687 | D:6      | Found a staircase to the Ecumenical Temple.
  2708 | Temple   | Entered the Ecumenical Temple
  2890 | D:7      | Noticed Dowan
  2897 | D:7      | Noticed Duvessa
  2900 | D:7      | Killed Dowan
  2907 | D:7      | Noticed nikopol's ghost (novice HOFi)
  2910 | D:7      | Killed Duvessa
  2922 | D:7      | Killed nikopol's ghost
  2922 | D:7      | Reached skill level 5 in Fighting
  2922 | D:7      | Reached skill level 8 in Unarmed Combat
  2935 | D:7      | Reached skill level 5 in Invocations
  3009 | D:7      | Found a runed door.
  3013 | D:7      | Noticed Crazy Yiuf
  3017 | D:7      | Killed Crazy Yiuf
  3076 | D:7      | Found Qihupiu's Book Emporium.
  3092 | D:8      | Noticed a two-headed ogre
  3101 | D:9      | Noticed a two-headed ogre
  3107 | D:9      | Killed a two-headed ogre
  3107 | D:9      | Reached skill level 7 in Spellcasting
  3107 | D:9      | Reached skill level 4 in Conjurations
  3107 | D:9      | Reached skill level 4 in Hexes
  3107 | D:9      | Reached skill level 4 in Charms
  3107 | D:9      | Reached skill level 4 in Summonings
  3107 | D:9      | Reached skill level 4 in Necromancy
  3107 | D:9      | Reached skill level 4 in Translocations
  3107 | D:9      | Reached skill level 4 in Fire Magic
  3107 | D:9      | Reached skill level 4 in Ice Magic
  3107 | D:9      | Reached skill level 4 in Air Magic
  3107 | D:9      | Reached skill level 4 in Earth Magic
  3107 | D:9      | Reached skill level 4 in Poison Magic
  3107 | D:9      | Reached XP level 10. HP: 56/75 MP: 12/20
  3128 | D:9      | Quit the game

Vault maps used:
D:1:      onia_arrival_mini_maze_b
D:2:      nicolae_overflow_crystal_walls,
          chequers_ecumenical_altar_simple_redux, first_bread
D:3:      nicolae_overflow_hidden_temple, grunt_dithmenos_smoke_and_mirrors,
          lemuel_zombie_altar_kikubaaqudgha, bh_walls_and_bars, uniq_natasha,
          uniq_grinder
D:4:      overflow_temple_1_default, nicolae_ossuary_entry_giza, uniq_sigmund,
          uniq_ijyb
D:5:      wad_pebble_path, zin_angel, marbit_many_paths,
          cheibrodos_sewer_entry_drain, grunt_ministairs_5
D:6:      minmay_temple_entry_hall
D:7:      lemuel_round_altar, serial_shops, nicolae_shop_window_shopping,
          uniq_crazy_yiuf_cottage, uniq_duvessa
D:8:      led_sif_book, hangedman_little_slice_of_home
D:9:      slow_altar_1, grunt_gozag_breadcrumbs, kennysheep_mini_moat,
          yredelemnul_forgotten_temple_becter, chequers_big_river,
          grunt_ministairs_5, uniq_pikel
Temple:   jpeg_temple_island
Sewer:    sewer_frog_island_02
Ossuary:  ossuary_due_small_catacomb

Skill      XL: |  1  2  3  4  5  6  7  8  9 |
---------------+----------------------------+-----
Spellcasting   | 5 6 7 |  7.1
Fighting       | 3 4 5 |  5.6
Short Blades   | 1 2 3 4 |  4.9
Long Blades    | 1 2 3 4 |  4.9
Axes           | 1 2 3 4 |  4.9
Maces & Flails | 1 2 3 4 |  4.9
Polearms       | 1 2 3 4 |  4.9
Staves         | 1 2 3 4 |  4.9
Slings         | 1 2 3 4 |  4.9
Bows           | 1 2 3 4 |  4.9
Crossbows      | 1 2 3 4 |  4.9
Throwing       | 1 2 3 4 |  4.9
Armour         | 1 2 3 4 |  4.9
Stealth        | 1 2 3 4 |  4.9
Shields        | 1 2 3 4 |  4.9
Conjurations   | 1 2 3 4 |  4.1
Hexes          | 1 2 3 4 |  4.1
Charms         | 1 2 3 4 |  4.1
Summonings     | 1 2 3 4 |  4.1
Necromancy     | 1 2 3 4 |  4.1
Translocations | 1 2 3 4 |  4.1
Fire Magic     | 1 2 3 4 |  4.1
Ice Magic      | 1 2 3 4 |  4.1
Air Magic      | 1 2 3 4 |  4.1
Earth Magic    | 1 2 3 4 |  4.1
Poison Magic   | 1 2 3 4 |  4.1
Invocations    | 1 2 4 5 |  5.4
Evocations     | 1 2 3 4 |  4.9
Dodging        | 5 6 |  6.8
Transmutations | 5 4 5 |  5.6
Unarmed Combat | 7 8 |  8.3

Action                   |  1- 3 |  4- 6 |  7- 9 | 10-12 || total
-------------------------+-------+-------+-------+-------++-------
Melee: Unarmed           |    66 |    49 |   430 |     7 ||   552
       Headbutt          |     3 |       |       |       ||     3
       Bite              |     5 |     1 |     9 |     1 ||    16
       Kick              |     3 |       |     5 |       ||     8
       Punch             |     1 |     1 |     1 |       ||     3
Throw: Stone             |       |     1 |       |       ||     1
 Cast: Beastly Appendage |     8 |       |     1 |       ||     9
       Spider Form       |     3 |     8 |    44 |       ||    55
       Sticks to Snakes  |     2 |     1 |    19 |       ||    22
       Blade Hands       |       |       |     3 |     1 ||     4
 Abil: End Transformatio |       |       |     3 |       ||     3
Evoke: Wand              |       |       |     6 |       ||     6
  Use: Potion            |     1 |       |     1 |       ||     2
       Scroll            |       |     1 |    14 |       ||    15
 Stab: Sleeping          |     1 |     2 |    11 |       ||    14
       Confused          |       |       |     2 |       ||     2
  Eat: Chunk             |       |       |     8 |       ||     8
       Royal jelly       |       |       |     2 |       ||     2
       Fruit             |       |       |     1 |       ||     1
Armor: Robe              |     4 |       |     3 |       ||     7
       Skin              |     1 |     1 |    10 |       ||    12
Dodge: Dodged            |    53 |    32 |   323 |     4 ||   412

Table legend:
 A = Spawn XP
 B = Non-spawn XP
 C = Spawn XP percentage of total XP
 D = Spawn monster count
 E = Non-spawn monster count
 F = Spawn count percentage of total count
 G = Total turns spent on level
                    A         B        C        D         E        F      G
               +---------+---------+-------+---------+---------+-------+---------
         Total |       0 |    5545 |   0.0 |       0 |     213 |   0.0 |  3128
               +---------+---------+-------+---------+---------+-------+---------
           D:1 |       0 |      28 |   0.0 |       0 |      16 |   0.0 |   330
           D:2 |       0 |      17 |   0.0 |       0 |       9 |   0.0 |   169
           D:3 |       0 |     350 |   0.0 |       0 |      20 |   0.0 |   351
           D:4 |       0 |     521 |   0.0 |       0 |      13 |   0.0 |   464
           D:5 |       0 |     600 |   0.0 |       0 |      31 |   0.0 |   386
           D:6 |       0 |     685 |   0.0 |       0 |      20 |   0.0 |   414
           D:7 |       0 |    1652 |   0.0 |       0 |      19 |   0.0 |   300
           D:9 |       0 |    1123 |   0.0 |       0 |       4 |   0.0 |    31
         Sewer |       0 |     344 |   0.0 |       0 |      50 |   0.0 |   291
       Ossuary |       0 |     225 |   0.0 |       0 |      31 |   0.0 |   329
               +---------+---------+-------+---------+---------+-------+---------

Table legend:
 A = Turns spent in this place as a percentage of turns spent in the entire game.
 B = Non-inter-level travel turns spent in this place as a percentage of non-inter-level travel turns spent in the entire game.
 C = Inter-level travel turns spent in this place as a percentage of turns spent in this place.
 D = Turns resting spent in this place as a percentage of non-inter-level travel turns spent in this place.
 E = Turns spent auto-exploring this place as a percentage of non-inter-level travel turns spent in this place.
 F = Non-inter-level travel turns spent in this place divided by the number of levels of this place that you've seen.
                   A       B       C       D       E      F
               +-------+-------+-------+-------+-------+----------------------
         Total | 100.0 | 100.0 |   1.6 |   0.0 |   0.0 | 256.4
       Dungeon |  78.4 |  78.8 |   1.1 |   0.0 |   0.0 | 269.4
        Temple |   1.8 |   1.0 |  43.9 |   0.0 |   0.0 |  32.0
         Sewer |   9.3 |   9.5 |   0.0 |   0.0 |   0.0 | 291.0
       Ossuary |  10.5 |  10.7 |   0.0 |   0.0 |   0.0 | 329.0
               +-------+-------+-------+-------+-------+----------------------

Table legend:
 A = Kills in this place as a percentage of kills in entire the game.
 B = Kills by you in this place as a percentage of kills by you in the entire game.
 C = Kills by friends in this place as a percentage of kills by friends in the entire game.
 D = Other kills in this place as a percentage of other kills in the entire game.
 E = Experience gained in this place as a percentage of experience gained in the entire game.
 F = Experience gained in this place divided by the number of levels of this place that you have seen.
                   A       B       C       D       E      F
               +-------+-------+-------+-------+-------+----------------------
         Total | 100.0 | 100.0 | 100.0 |   N/A | 100.0 | 462.1
       Dungeon |  62.0 |  63.1 |  28.6 |   N/A |  89.7 | 552.9
         Sewer |  23.5 |  22.8 |  42.9 |   N/A |   6.2 | 344.0
       Ossuary |  14.6 |  14.1 |  28.6 |   N/A |   4.1 | 225.0
               +-------+-------+-------+-------+-------+----------------------

Vault maps used:
D:1:      onia_arrival_mini_maze_b
D:2:      nicolae_overflow_crystal_walls,
          chequers_ecumenical_altar_simple_redux, first_bread
D:3:      nicolae_overflow_hidden_temple, grunt_dithmenos_smoke_and_mirrors,
          lemuel_zombie_altar_kikubaaqudgha, bh_walls_and_bars, uniq_natasha,
          uniq_grinder
D:4:      overflow_temple_1_default, nicolae_ossuary_entry_giza, uniq_sigmund,
          uniq_ijyb
D:5:      wad_pebble_path, zin_angel, marbit_many_paths,
          cheibrodos_sewer_entry_drain, grunt_ministairs_5
D:6:      minmay_temple_entry_hall
D:7:      lemuel_round_altar, serial_shops, nicolae_shop_window_shopping,
          uniq_crazy_yiuf_cottage, uniq_duvessa
D:8:      led_sif_book, hangedman_little_slice_of_home
D:9:      slow_altar_1, grunt_gozag_breadcrumbs, kennysheep_mini_moat,
          yredelemnul_forgotten_temple_becter, chequers_big_river,
          grunt_ministairs_5, uniq_pikel
Temple:   jpeg_temple_island
Sewer:    sewer_frog_island_02
Ossuary:  ossuary_due_small_catacomb
